 Dungeon Crawl Stone Soup version 0.29.1-1-gd02db6906a (webtiles) character file.

Game seed: 2514656547431161709

988 hawla the Arsonist (level 8, 0/61 HPs)
             Began as a Meteoran Fire Elementalist on Oct 13, 2022.
             Slain by an orc priest
             ... wielding a +0 club
              (2 damage)
             ... on level 6 of the Dungeon.
             The game lasted 00:10:25 (2842 turns).

hawla the Arsonist (Meteoran Fire Elementalist)     Turns: 2842, Time: 00:10:26

Health: 0/61       AC: 10    Str: 10    XL:     8   Next: 69%
Magic:  13/18      EV: 13    Int: 18    God:
Gold:   338        SH:  0    Dex: 15    Spells: 10/17 levels left

rFire   . . .      SeeInvis .   a - +3 quarterstaff (chaos)
rCold   . . .      Faith    .   (shield currently unavailable)
rNeg    + . .      Spirit   .   u - +2 robe {rN+}
rPois   .          Reflect  .   r - +0 helmet
rElec   .          Harm     .   g - +0 cloak
rCorr   .          Rampage  .   (no gloves)
Will    +....      Rage     3%  (no boots)
Stlth   +.........              (no amulet)
HPRegen 0.20/turn               t - +4 ring of protection
MPRegen 0.16/turn               (no ring)

@: on berserk cooldown, glowing
A: sense surroundings 1, otherworldly, glowing, explore regen, berserk 1, high
MP 1
a: no special abilities


You were on level 6 of the Dungeon.
You visited 1 branch of the dungeon, and saw 6 of its levels.

You collected 338 gold pieces.

Inventory:

Hand Weapons
 a - a +3 quarterstaff of chaos (weapon)
Armour
 g - a +0 cloak (worn)
 r - a +0 helmet (worn)
 u - a +2 robe of positive energy (worn)
Jewellery
 t - a +4 ring of protection (left hand)
Wands
 q - a wand of flame (3)
Scrolls
 d - 3 scrolls of fear
 e - 3 scrolls of teleportation
 k - a scroll of identify
 o - a scroll of enchant armour
Potions
 b - 2 potions of mutation
 c - 2 potions of flight
 f - a potion of might
 h - 5 potions of curing {unknown}
 i - 3 potions of degeneration {unknown}
 j - 2 potions of attraction {unknown}
 l - 2 potions of ambrosia {unknown}
 n - a potion of brilliance {unknown}
 p - a potion of berserk rage {unknown}
 s - 3 potions of haste {unknown}


   Skills:
 + Level 1.8 Fighting
 + Level 1.4 Staves
 + Level 3.7 Dodging
 - Level 1.4 Stealth
 + Level 5.0 Spellcasting
 + Level 4.2 Conjurations
 + Level 9.0 Fire Magic


You had 10 spell levels left.
You knew the following spells:

 Your Spells              Type           Power      Damage    Failure   Level
a - Foxfire               Conj/Fire      100%       2x1d9     1%          1
b - Scorch                Fire           74%        2d8       1%          2
c - Flame Wave            Conj/Fire      28%        2d9       9%          4

Your spell library contained the following spells:

 Spells                   Type           Power      Damage    Failure   Level
 Magic Dart               Conj           76%        1d6       2%          1
 Conjure Flame            Conj/Fire      28%        6-21      2%          3
 Searing Ray              Conj           38%        2d5       3%          2
 Inner Flame              Hex/Fire       20%        N/A       6%          3
 Call Imp                 Summ           4%         N/A       21%         2
 Poisonous Vapours        Pois/Air       8%         N/A       21%         2
 Mephitic Cloud           Conj/Pois/Air  9%         N/A       22%         3
 Fulminant Prism          Conj/Hex       6%         3d7       50%         4
 Corpse Rot               Necr/Pois/Air  4%         N/A       78%         4


Dungeon Overview and Level Annotations

Branches:
Dungeon (6/15) Zot: 734
 Temple: D:4-7

Altars:
Ashenzari
Elyvilon
Fedhas
Ru
Trog
Xom


Innate Abilities, Weirdness & Mutations

You passively map a small area around you.
You are easily found by Zot.
You glow in the dark.
You regain HP and MP as you explore.
You sometimes lose your temper in combat.
You have an increased reservoir of magic. (+10% MP)


Message History

Confirm with . or Enter, or press ? or * to list all spells.
You don't know that spell.
Unknown command.
Casting: Scorch (safe; 1% risk of failure)
Confirm with . or Enter, or press ? or * to list all spells.
You conjure some foxfire!
The orc warrior hits you with a +0 trident!
* * * LOW HITPOINT WARNING * * *
The orc warrior hits you with a +0 trident!
* * * LOW HITPOINT WARNING * * *
You feel much better.
The orc warrior hits you with a +0 trident!
* * * LOW HITPOINT WARNING * * *
The foxfire hits the orc warrior!
The orc warrior is burned terribly!
You kill the orc warrior!
The foxfire hits the orc.
The orc is almost dead.
An orc priest comes into view. It is wielding a +0 short sword.
Your Spellcasting skill increases to level 5!
Your Fire Magic skill increases to level 9!
Casting: Foxfire (safe; 1% risk of failure)
Confirm with . or Enter, or press ? or * to list all spells.
You conjure some foxfire!
The orc misses you.
An orc comes into view. It is wielding a +0 dagger.
Casting: Foxfire (safe; 1% risk of failure)
Confirm with . or Enter, or press ? or * to list all spells.
Flames lash the orc.
You kill the orc!
You feel yourself speed up.
The foxfire hits the orc.
You kill the orc!
The foxfire hits the orc priest.
The orc priest is lightly wounded.
The orc priest calls down the wrath of Beogh upon you.
Beogh smites you!
* * * LOW HITPOINT WARNING * * *
Casting: Scorch (safe; 1% risk of failure)
Confirm with . or Enter, or press ? or * to list all spells.
You conjure some foxfire!
The orc priest hits you with a +0 club.
You die...

* *, ,* ### ..# * * , ,
#.# *, * #.# *,* * , *
, #.# ,, , *#
##.############ ,
*##.##.............# *
#..)oov......#.....
......##@v###.....##.#*
##### *#ยงยง#
#.#.####.# * , #..#
#.#.# #.# * )..# #.#.#
#.#* * ##.## #...# #.#
* #.# #..## #.#* *
..####..#####<# *
###...........#
,,#.........###*


You could see 2 orc priests.

Vanquished Creatures
  An orc warrior (D:6)
  3 phantoms
  Blork the orc (D:4)
  A necrophage (D:5)
  A scorpion (D:4)
  Crazy Yiuf (D:5)
  A gnoll bouda (D:5)
  A hound (D:5)
  2 jellies
  2 iguanas
  11 adders
  5 gnolls (D:5)
  A white imp (D:5)
  An ufetubus (D:5)
  2 worms (D:5)
  4 dart slugs
  9 orcs
  9 endoplasms
  3 giant cockroaches
  8 goblins
  4 hobgoblins
  4 jackals (D:4)
  5 quokkas
  12 ball pythons
  6 bats
  2 frilled lizards
  4 kobolds
  8 rats
112 creatures vanquished.

Vanquished Creatures (collateral kills)
  A foxfire (D:2)
1 creature vanquished.

Vanquished Creatures (others)
  223 foxfires
  A fungus (D:1)
  3 plants (D:2)
227 creatures vanquished.

Grand Total: 340 creatures vanquished

Notes
Turn   | Place    | Note
-------+----------+-------------------------------------------
     0 | D:1      | hawla the Meteoran Fire Elementalist began the quest for
                  | the Orb.
     0 | D:1      | Reached XP level 1. HP: 14/14 MP: 5/5
    81 | D:1      | Reached skill level 4 in Fire Magic
    81 | D:1      | Reached XP level 2. HP: 20/20 MP: 2/6
    84 | D:1      | Learned a level 2 spell: Scorch
   250 | D:1      | Found a faded altar of an unknown god.
   286 | D:1      | Reached XP level 3. HP: 27/27 MP: 1/8
   498 | D:2      | Reached XP level 4. HP: 29/34 MP: 2/9
   860 | D:2      | Reached XP level 5. HP: 39/39 MP: 6/11
   888 | D:2      | Reached skill level 1 in Fighting
   913 | D:2      | Reached skill level 5 in Fire Magic
  1278 | D:3      | Reached XP level 6. HP: 47/47 MP: 7/13
  1283 | D:3      | Learned a level 4 spell: Flame Wave
  1592 | D:4      | Reached skill level 6 in Fire Magic
  1598 | D:4      | Noticed Blork the orc
  1606 | D:4      | Killed Blork the orc
  1607 | D:4      | Reached XP level 7. HP: 52/52 MP: 2/14
  1984 | D:5      | Entered Level 5 of the Dungeon
  1986 | D:5      | Gained mutation: You sometimes lose your temper in combat.
                  | [potion of mutation]
  1986 | D:5      | Gained mutation: You have an increased reservoir of magic.
                  | (+10% MP) [potion of mutation]
  2029 | D:5      | Reached skill level 7 in Fire Magic
  2082 | D:5      | Found a runed translucent door.
  2083 | D:5      | Noticed Crazy Yiuf
  2108 | D:5      | Found a white marble altar of Elyvilon.
  2112 | D:5      | Found a blossoming altar of Fedhas.
  2115 | D:5      | Found a sacrificial altar of Ru.
  2115 | D:5      | Found a shimmering altar of Xom.
  2122 | D:5      | Found a bloodstained altar of Trog.
  2158 | D:5      | Killed Crazy Yiuf
  2329 | D:5      | Reached skill level 8 in Fire Magic
  2329 | D:5      | Reached XP level 8. HP: 59/59 MP: 9/16
  2434 | D:5      | Found a broken altar of Ashenzari.
  2811 | D:6      | Reached skill level 1 in Staves
  2840 | D:6      | Reached skill level 5 in Spellcasting
  2840 | D:6      | Reached skill level 9 in Fire Magic
  2841 | D:6      | HP: 1/60 [orc priest/divine providence (14)]
  2842 | D:6      | Slain by an orc priest

Illustrated notes

Levels and vault maps discovered:
D:1:      reono_arrival_mine, layout_rooms, dreamdust_ecumenical_altar_grove
D:2:      layout_rooms, serial_bayou_pond_c, minmay_snake_closets
D:3:      layout_rooms, minmay_randomly_rotated_circles
D:4:      layout_cave_pools, uniq_blork_the_orc
D:5:      layout_loops_cross, nicolae_overflow_hallway_of_the_gods,
          ashenzari_conservatory_becter, nicolae_titane, uniq_crazy_yiuf_cottage
D:6:      layout_loops_ring, mainiacjoe_overflow_alcove_2, temple_doors_e,
          uniq_maggie

Skill      XL: |  1  2  3  4  5  6  7  8 |
---------------+-------------------------+-----
Fire Magic     | 4 5 6 8 9 |  9.0
Spellcasting   | 3 4 5 |  5.0
Conjurations   | 2 3 4 |  4.2
Dodging        | 3 |  3.7
Fighting       | 1 |  1.8
Staves         | 1 |  1.4
Stealth        | |  1.4

Action                   |  1- 3 |  4- 6 |  7- 9 || total
-------------------------+-------+-------+-------++-------
Melee: Unarmed           |     7 |    14 |       ||    21
       Punch             |       |     1 |       ||     1
       Quarterstaff      |       |       |    33 ||    33
 Cast: Foxfire           |    32 |    67 |    33 ||   132
       Scorch            |     6 |    29 |    30 ||    65
  Use: Scroll            |     6 |     8 |     3 ||    17
       Potion            |       |       |     3 ||     3
Armor: Robe              |     9 |    29 |    23 ||    61
Dodge: Dodged            |     7 |    43 |    55 ||   105
